 Dungeon Crawl Stone Soup version 0.17.0-23-g0de4337 (webtiles) character file.

4212 kosy22 the Ducker (level 10, -4/97 HPs)
             Began as a Troll Fighter on Nov 14, 2015.
             Was a Follower of Nemelex Xobeh.
             Shot with a sling bullet by Joseph (5 damage)
             ... on level 9 of the Dungeon.
             The game lasted 00:23:37 (8324 turns).

kosy22 the Ducker (Troll Fighter)                   Turns: 8324, Time: 00:23:38

Health: -4/97      AC:  8    Str: 29    XL:     10   Next: 9%
Magic:  9/9        EV: 12    Int:  4    God:    Nemelex Xobeh [*.....]
Gold:   190        SH: 10    Dex: 12    Spells: 0 memorised, 9 levels left

rFire  . . .     SeeInvis +       - Unarmed
rCold  . . .     Clarity  .     a - +2 robe
rNeg   . . .     SustAt   .     b - +0 shield
rPois  .         Gourm    +     (helmet restricted)
rElec  .         Spirit   .     r - +0 cloak
rCorr  +         Warding  .     (gloves unavailable)
rMut   .         Stasis   .     (boots unavailable)
MR     .....                    l - amulet of resist corrosion
Stlth  ++........               M - +3 ring of dexterity
                                G - ring of see invisible

@: not resistant to hostile enchantments, unstealthy
A: unfitting armour, claws 3, fast metabolism 3, gourmand, regeneration 2,
shaggy fur 1, tough skin 2
a: Renounce Religion


You were on level 9 of the Dungeon.
You worshipped Nemelex Xobeh.
Nemelex Xobeh was aware of your devotion.
You were full.

You visited 2 branches of the dungeon, and saw 10 of its levels.

You collected 470 gold pieces.
You spent 280 gold pieces at shops.

Inventory:

Missiles
 h - 12 poisoned needles
 u - 3 tomahawks of returning (quivered)
Armour
 a - a +2 robe (worn)
 b - a +0 shield (worn)
 r - a +0 cloak (worn)
Jewellery
 l - an amulet of resist corrosion (around neck)
 G - a ring of see invisible (left claw)
 J - an uncursed ring of positive energy
 M - a +3 ring of dexterity (right claw)
Wands
 j - a wand of slowing (20)
 B - a wand of disintegration (15)
 I - a wand of cold (3)
 N - a wand of hasting (7)
Scrolls
 d - 3 scrolls of enchant armour
 e - 2 scrolls of identify
 k - 2 scrolls of recharging
 m - 2 scrolls of noise {unknown}
 o - 2 scrolls of fog {unknown}
 p - 3 scrolls of remove curse
 s - a scroll of immolation
 t - 3 scrolls of amnesia
 x - a scroll of magic mapping
 z - 2 scrolls of teleportation
 C - a scroll of enchant weapon {unknown}
 E - a scroll of fear {unknown}
 H - 2 scrolls of vulnerability {unknown}
Potions
 c - 2 potions of might
 f - 3 potions of agility {unknown}
 g - a potion of beneficial mutation {unknown}
 i - a potion of cure mutation {unknown}
 n - 2 potions of degeneration {unknown}
 q - 2 potions of curing
 v - a potion of cancellation {unknown}
 w - a potion of lignification {unknown}
 A - a potion of haste {unknown}
 D - 2 potions of brilliance {unknown}
 O - a potion of magic {unknown}
Books
 y - a Grand Grimoire

   Spells                             Type                      Level
   a - Monstrous Menagerie            Summoning                    6
   b - Summon Greater Demon           Summoning                    7
   c - Malign Gateway                 Summoning/Translocation      7
   d - Summon Horrible Things         Summoning                    8
Miscellaneous
 F - a plain deck of war {drawn: 5}
 L - a disc of storms
 P - a plain deck of escape {drawn: 2}
Comestibles
 K - 2 meat rations
 Q - 2 beef jerkies
 R - 7 slices of pizza
 S - 2 bread rations


   Skills:
 + Level 5.6 Fighting
 + Level 3.6 Throwing
 + Level 7.5 Dodging
 + Level 1.7 Stealth
 + Level 5.9 Shields
 + Level 6.2 Unarmed Combat
 + Level 0.4 Evocations


You had 9 spell levels left.
You didn't know any spells.

Dungeon Overview and Level Annotations

Branches:
Dungeon (9/15)             Temple (1/1) D:6
   Lair: D:8-11         Orc: D:9-12

Altars:
Ashenzari
Cheibriados
Dithmenos
Fedhas
Kikubaaqudgha
Makhleb
Nemelex Xobeh
Okawaru
Qazlal
Ru
Sif Muna
Vehumet
Xom
Yredelemnul
Zin
The Shining One

Shops:
D:8 }   D:9 *

Annotations:
D:9 Joseph


Innate Abilities, Weirdness & Mutations

You are too large for most types of armour.
You have claws for hands.
Your metabolism is lightning-fast.
You like to eat raw meat.
You heal very quickly.
You are covered in fur (AC +1).
You have very tough skin (AC +2).


Message History

You closely miss Joseph.
Joseph is moderately wounded.
Read which item? (? for menu, Esc to quit)
Okay, then.
Evoke which item? (* to show all) (? for menu, Esc to quit)
You draw a card...
It is the Cloud.
Clouds appear around you!
Joseph hits you with an uncursed quarterstaff.
* * * LOW HITPOINT WARNING * * *
Joseph unwields an uncursed quarterstaff.
Joseph wields an uncursed hunting sling.
Joseph shoots a sling bullet.
The sling bullet closely misses you.
You see here a sling bullet.
Joseph shoots a sling bullet.
You block the sling bullet.
You see here 2 sling bullets.
Joseph shoots a sling bullet.
The sling bullet hits you!
* * * LOW HITPOINT WARNING * * *
You see here a sling bullet.
Joseph shoots a sling bullet.
The sling bullet hits you.
You die...
Your body glows slightly and disappears.

..........#####
+###..........#.#
...#........[.#.#
...#..........#.# .#
...#..........#.#########.#
...#..........+...........#
...#.......)..#............
...#......).>(#...........
...#........(.((@......#
####........(.#((...§..#
.............(#((.(@.§.#
...##########.##...§§§.#
...#......[.#..#.......#
##.#........#..#....?.>...
#.'........#..#...........
#.########'#.##...........
#............#............


You could see Joseph.

Vanquished Creatures
  Maurice (D:9)
  The ghost of Tux the Thaumaturge, a novice DECj (D:7)
  A deep elf mage (D:9)
  A hog (D:9)
  A human (D:9)
  A hippogriff (D:8)
  4 orc warriors
  A black bear (D:8)
  A necrophage (D:6)
  A sky beast (D:9)
  3 phantoms (D:6)
  3 ice beasts
  2 centaurs (D:9)
  An ogre (D:6)
  A giant frog (D:9)
  A gnoll sergeant (D:6)
  3 scorpions
  2 crimson imps
  A centaur zombie (D:8)
  3 hounds
  A centaur skeleton (D:8)
  An electric eel (D:9)
  A giant frog zombie (D:5)
  2 jellies
  2 orc priests
  7 orc wizards
  9 worker ants
  2 iguanas
  3 sheep (D:9)
  A hound zombie (D:9)
  5 adders
  9 gnolls
  3 shadow imps
  2 adder zombies
  2 adder skeletons
  4 worms
  3 giant geckos
  23 orcs
  5 bats
  7 giant cockroaches
  8 goblins
  12 hobgoblins
  14 jackals
  2 quokkas
  A ball python (D:1)
  A giant gecko skeleton (D:4)
  6 giant newts
  A jackal skeleton (D:4)
  10 kobolds
  3 quokka skeletons
  5 rats
  A spectral orc (D:5)
189 creatures vanquished.

Vanquished Creatures (collateral kills)
  A wyvern (D:9)
  An adder (D:9)
  A jackal (D:9)
3 creatures vanquished.

Grand Total: 192 creatures vanquished

Notes
Turn   | Place    | Note
--------------------------------------------------------------
     0 | D:1      | kosy22 the Troll Fighter began the quest for the Orb.
     0 | D:1      | Reached XP level 1. HP: 22/22 MP: 0/0
   324 | D:1      | Reached XP level 2. HP: 29/29 MP: 1/1
   919 | D:2      | Found a burning altar of Makhleb.
   919 | D:2      | Noticed a cacodemon
   923 | D:2      | Noticed an orange demon
   923 | D:2      | Noticed a neqoxec
  1112 | D:2      | Reached XP level 3. HP: 36/36 MP: 2/2
  1152 | D:2      | Reached skill level 3 in Dodging
  1632 | D:3      | Reached XP level 4. HP: 37/44 MP: 3/3
  1662 | D:3      | Found a blossoming altar of Fedhas.
  2141 | D:3      | Reached XP level 5. HP: 51/53 MP: 4/4
  2318 | D:3      | Found an ancient bone altar of Kikubaaqudgha.
  2479 | D:3      | Found a sacrificial altar of Ru.
  2685 | D:4      | Found a shattered altar of Ashenzari.
  2965 | D:4      | Reached XP level 6. HP: 61/61 MP: 5/5
  2979 | D:4      | Reached skill level 4 in Dodging
  3416 | D:4      | Reached skill level 1 in Throwing
  3422 | D:5      | Entered Level 5 of the Dungeon
  3511 | D:5      | Found a snail-covered altar of Cheibriados.
  3523 | D:5      | Reached XP level 7. HP: 57/68 MP: 6/6
  3815 | D:5      | Found a basalt altar of Yredelemnul.
  4366 | D:6      | Noticed an angel
  4367 | D:6      | Found a shimmering altar of Xom.
  4368 | D:6      | Found a glowing silver altar of Zin.
  4496 | D:6      | Reached skill level 5 in Dodging
  4496 | D:6      | Reached XP level 8. HP: 70/78 MP: 7/7
  4597 | D:6      | Found a shadowy altar of Dithmenos.
  4797 | D:6      | Found a staircase to the Ecumenical Temple.
  4822 | D:6      | Reached skill level 1 in Stealth
  4872 | Temple   | Entered the Ecumenical Temple
  4980 | Temple   | Became a worshipper of Nemelex Xobeh the Trickster
  5305 | D:6      | Received a gift from Nemelex Xobeh
  5481 | D:6      | Reached skill level 5 in Unarmed Combat
  6187 | D:7      | Reached skill level 6 in Dodging
  6221 | D:7      | Noticed Tux's ghost (novice DECj)
  6232 | D:7      | Killed Tux's ghost
  6232 | D:7      | Reached XP level 9. HP: 69/84 MP: 8/8
  6422 | D:8      | Found an iron altar of Okawaru.
  6503 | D:8      | Reached skill level 5 in Fighting
  6593 | D:8      | Found Jaawoc's Gadget Shoppe.
  6603 | D:8      | Bought a disc of storms for 280 gold pieces
  6660 | D:8      | Reached * piety under Nemelex Xobeh
  6752 | D:8      | Reached skill level 5 in Shields
  7062 | D:8      | Reached skill level 7 in Dodging
  7464 | D:9      | Noticed Maurice
  7473 | D:9      | Killed Maurice
  7511 | D:9      | Received a gift from Nemelex Xobeh
  7537 | D:9      | Found Harrozo's General Store.
  7910 | D:9      | Found a deep blue altar of Sif Muna.
  7922 | D:9      | Reached XP level 10. HP: 83/93 MP: 9/9
  8127 | D:9      | Found a stormy altar of Qazlal.
  8300 | D:9      | Noticed Joseph
  8323 | D:9      | HP: 1/97 [Joseph/sling bullet (16)]
  8324 | D:9      | Shot with a sling bullet by Joseph

Action                   |  1- 3 |  4- 6 |  7- 9 | 10-12 || total
-------------------------+-------+-------+-------+-------++-------
Melee: Unarmed           |   121 |   217 |   391 |    38 ||   767
Throw: Tomahawk          |       |    17 |    52 |    11 ||    80
Evoke: Wand              |       |       |     3 |       ||     3
       Deck              |       |       |     2 |     5 ||     7
  Use: Scroll            |     1 |       |    14 |       ||    15
       Potion            |     1 |       |       |       ||     1
 Stab: Sleeping          |       |     1 |     1 |       ||     2
       Distracted        |       |       |     1 |       ||     1
  Eat: Chunk             |    10 |    12 |    20 |     6 ||    48
       Beef jerky        |     1 |     1 |     4 |       ||     6
       Bread ration      |       |     1 |     4 |       ||     5
